 Dungeon Crawl Stone Soup version 0.29.1-15-g9cfb28693d (webtiles) character file.

Game seed: 16126540681173311975

6842 BuddhaDhamma the Severer (level 10, -5/77 HPs)
             Began as a Minotaur Berserker on Mar 27, 2023.
             Was an Elder of Trog.
             Slain by Erica
             ... wielding a +2 scimitar of flaming
              (7 damage)
             ... on level 9 of the Dungeon.
             The game lasted 00:19:31 (10934 turns).

BuddhaDhamma the Severer (Minotaur Berserker)      Turns: 10934, Time: 00:19:32

Health: -5/77      AC: 15    Str: 38    XL:     10   Next: 78%
Magic:  9/9        EV: 11    Int:  4    God:    Trog [****..]
Gold:   686        SH:  0    Dex: 10    Spells: 9/9 levels left

rFire   . . .      SeeInvis .   C - +4 battleaxe
rCold   + . .      Faith    .   (shield currently unavailable)
rNeg    . . .      Spirit   .   b - +7 Kryia's mail coat {PotionHeal*2 rC+}
rPois   .          Reflect  .   f - +0 hat
rElec   .          Harm     .   (no cloak)
rCorr   .          Rampage  .   (no gloves)
Will    .....                   y - +1 pair of boots
Stlth   ..........              (no amulet)
HPRegen 0.22/turn               k - +6 ring of strength
MPRegen 0.11/turn               t - +6 ring of strength

@: lethally poisoned (-5 -> -11), on berserk cooldown, slowed, very slow
A: horns 2, retaliatory headbutt
a: Renounce Religion, Berserk, Trog's Hand, Brothers in Arms


You were on level 9 of the Dungeon.
You worshipped Trog.
Trog was greatly pleased with you.
You visited 1 branch of the dungeon, and saw 9 of its levels.
You also visited: Sewer.

You collected 686 gold pieces.

Inventory:

Hand Weapons
 C - a +4 battleaxe (weapon)
Missiles
 a - 5 boomerangs (quivered)
Armour
 b - the +7 Kryia's mail coat (worn) {PotionHeal*2 rC+}
   (You acquired it on level 5 of the Dungeon)

   Potions are twice as effective at healing its wearer.
   rC:        It protects you from cold.
 f - a +0 hat (worn)
 y - a +1 pair of boots (worn)
Jewellery
 k - a +6 ring of strength (left hand)
 n - a ring of see invisible
 t - a +6 ring of strength (right hand)
 G - a +4 ring of evasion
Wands
 e - a wand of charming (4)
 g - a wand of mindburst (8)
 r - a wand of iceblast (8)
 B - a wand of quicksilver (18)
 E - a wand of flame (17)
Scrolls
 i - a scroll of summoning
 m - a scroll of fear
 v - 4 scrolls of teleportation
 w - 3 scrolls of fog
 z - a scroll of silence
 A - a scroll of identify
Potions
 c - a potion of brilliance
 d - 2 potions of ambrosia
 h - 5 potions of flight
 j - 2 potions of cancellation
 l - 6 potions of curing
 o - a potion of invisibility
 p - 2 potions of berserk rage
 q - 2 potions of heal wounds
 s - 3 potions of mutation
 u - 2 potions of lignification
 x - 5 potions of magic
 D - a potion of might
 F - a potion of resistance


   Skills:
 - Level 3.6 Fighting
 + Level 19.3 Axes
 - Level 2.4 Armour
 - Level 2.1 Dodging


You had 9 spell levels left.
You didn't know any spells.
Your spell library was empty.

Dungeon Overview and Level Annotations

Branches:
Dungeon (9/15)             Temple (0/1) D:5            Lair (0/5) D:8
  Sewer (visited)
    Orc: D:9-12

Altars:
Cheibriados
Elyvilon
Gozag
Makhleb
Ru
Sif Muna
Trog
Yredelemnul

Shops:
D:2 (

Annotations:
D:9 Erica


Innate Abilities, Weirdness & Mutations

You have a pair of horns on your head.
You reflexively headbutt those who attack you in melee.


Message History

The lance of force hits you.
You are knocked back by the lance of force.
You feel a strong urge to attack something.
You are no longer berserk.
You are exhausted.
You feel yourself slow down.
You closely miss something. Your headbutt misses something. Something hits you.
Something burns you.
You barely miss something. Something hits you but does no damage.
Something hits you. Something burns you.
You slice something!! Something barely misses you.
You barely miss something. Your headbutt misses something. Something hits you.
Something burns you.
You closely miss something. Something hits you but does no damage.
You miss something. Your headbutt misses something. Something hits you!
Something burns you.
You slash something!
You hear some strange, mumbled words.
A lance of force appears from out of thin air!
The lance of force hits you.
You are knocked back by the lance of force.
You hear some strange, mumbled words.
A bolt of poison appears from out of thin air!
The bolt of poison hits you!!
You are poisoned.
* * * LOW HITPOINT WARNING * * *
You closely miss something. Your headbutt misses something.
* * * LOW HITPOINT WARNING * * *
You feel very sick. Something hits you but does no damage.
You completely miss something.
* * * LOW HITPOINT WARNING * * *
You feel very sick.
You hear some strange, mumbled words.
A bolt of poison appears from out of thin air!
The bolt of poison misses you.
You hit something.
* * * LOW HITPOINT WARNING * * *
You feel sick. Something hits you!
You die...

#... #..+ .... #... #..#
.... #... #.$# ......#...
#..########......#.†.
####................#...
#...................#...
#........?........###...
#......@{.........#.....
#.........).......#.....
#.................#.....
#...................#.....
####................#.....
###############'##.....
...............
...............
...............


There were no monsters in sight!

Vanquished Creatures
  Gastronok (D:9)
  2 two-headed ogres
  Maurice (D:9)
  Prince Ribbit (D:9)
  Grinder (D:5)
  A wyvern (D:9)
  2 water moccasins
  2 orc warriors
  3 sky beasts (D:6)
  2 black bears
  An ice beast (D:8)
  2 centaurs
  Blork the orc (D:6)
  3 scorpions
  9 wights
  15 killer bees
  3 electric eels (D:6)
  A howler monkey (D:8)
  3 hounds
  5 jellies
  4 orc priests
  Jessica (D:2)
  5 iguanas
  Natasha (twice) (D:2)
  5 orc wizards
  8 gnolls
  14 adders
  6 river rats
  A shadow imp (D:6)
  3 white imps
  2 ufetubi (D:6)
  2 worms
  3 dart slugs
  34 orcs
  14 ball pythons
  11 bats
  6 endoplasms
  11 giant cockroaches
  2 goblins
  7 hobgoblins
  7 jackals
  5 kobolds
  6 quokkas
  5 frilled lizards
  7 rats
230 creatures vanquished.

Vanquished Creatures (others)
  7 plants
7 creatures vanquished.

Grand Total: 237 creatures vanquished

Notes
Turn   | Place    | Note
-------+----------+-------------------------------------------
     0 | D:1      | BuddhaDhamma the Minotaur Berserker began the quest for the
                  | Orb.
     0 | D:1      | Reached XP level 1. HP: 19/19 MP: 0/0
   123 | D:1      | Reached skill level 4 in Axes
   123 | D:1      | Reached XP level 2. HP: 9/26 MP: 1/1
   371 | D:1      | Found a faded altar of an unknown god.
  1023 | D:1      | Reached skill level 5 in Axes
  1091 | D:1      | Reached XP level 3. HP: 31/31 MP: 2/2
  1445 | D:2      | Found Lozuinipp's Antique Weapon Shop.
  1547 | D:2      | Noticed Jessica
  1555 | D:2      | Killed Jessica
  1556 | D:2      | Reached skill level 6 in Axes
  1556 | D:2      | Reached XP level 4. HP: 37/39 MP: 3/3
  1915 | D:2      | You fall into a shaft and drop 1 floor!
  1970 | D:3      | Reached ** piety under Trog
  2239 | D:2      | Noticed Natasha
  2247 | D:2      | Killed Natasha
  2707 | D:2      | Noticed Natasha
  2723 | D:2      | Killed Natasha
  2724 | D:2      | Reached skill level 7 in Axes
  2724 | D:2      | Reached XP level 5. HP: 18/45 MP: 4/4
  3657 | D:3      | Found a shimmering blue altar of Sif Muna.
  3668 | D:3      | Found a bloodstained altar of Trog.
  3836 | D:3      | Found a burning altar of Makhleb.
  4060 | D:4      | Identified the +2 ring mail "Wuts" {+Blink rF+ Will+ Str+3}
  4140 | D:4      | Noticed a black bear
  4147 | D:4      | Killed a black bear
  4148 | D:4      | Reached skill level 8 in Axes
  4148 | D:4      | Reached XP level 6. HP: 40/51 MP: 5/5
  4352 | D:4      | Reached skill level 9 in Axes
  4801 | D:4      | Found a sacrificial altar of Ru.
  4996 | D:5      | Entered Level 5 of the Dungeon
  5096 | D:5      | Noticed Grinder
  5101 | D:5      | Reached XP level 7. HP: 48/57 MP: 6/6
  5110 | D:5      | Killed Grinder
  5111 | D:5      | Reached skill level 10 in Axes
  5225 | D:5      | Found a staircase to the Ecumenical Temple.
  5258 | D:5      | Found a glowing drain.
  5268 | D:5      | Reached *** piety under Trog
  5291 | Sewer    | Entered a sewer
  5395 | Sewer    | Reached skill level 11 in Axes
  6003 | D:5      | Found a white marble altar of Elyvilon.
  6065 | D:5      | Found a basalt altar of Yredelemnul.
  6462 | D:5      | Reached XP level 8. HP: 64/64 MP: 7/7
  6665 | D:5      | Identified a scroll of acquirement
  6665 | D:5      | Acquired the +7 Kryia's mail coat {PotionHeal*2 rC+}
  6665 | D:5      | Found the +7 Kryia's mail coat {PotionHeal*2 rC+}
  6915 | D:6      | Reached skill level 12 in Axes
  6949 | D:6      | Reached **** piety under Trog
  7008 | D:6      | Reached skill level 13 in Axes
  7675 | D:6      | Reached skill level 14 in Axes
  7696 | D:6      | Found a snail-covered altar of Cheibriados.
  7719 | D:6      | Noticed Blork the orc
  7726 | D:6      | Killed Blork the orc
  7727 | D:6      | Reached XP level 9. HP: 70/70 MP: 8/8
  8198 | D:7      | Found the +11 plutonium sword {Contam Stlth-}
  8223 | D:7      | Reached skill level 15 in Axes
  9148 | D:8      | Reached skill level 16 in Axes
  9327 | D:8      | Noticed a two-headed ogre
  9332 | D:8      | HP: 3/70 [two-headed ogre/+0 giant club (27)]
  9333 | D:8      | Killed a two-headed ogre
  9334 | D:8      | Reached skill level 17 in Axes
  9334 | D:8      | Reached XP level 10. HP: 3/77 MP: 9/9
  9810 | D:8      | Found an opulent altar of Gozag.
  9887 | D:8      | Found a staircase to the Lair.
 10162 | D:9      | Noticed Prince Ribbit
 10175 | D:9      | Killed Prince Ribbit
 10211 | D:9      | Noticed Maurice
 10220 | D:9      | Killed Maurice
 10620 | D:9      | Noticed Gastronok
 10631 | D:9      | Killed Gastronok
 10632 | D:9      | Reached skill level 18 in Axes
 10794 | D:9      | Reached ***** piety under Trog
 10906 | D:9      | Noticed Erica
 10906 | D:9      | Noticed a two-headed ogre
 10913 | D:9      | Killed a two-headed ogre
 10914 | D:9      | Reached skill level 19 in Axes
 10934 | D:9      | HP: 2/77 [poisoned by Erica (bolt of poison)]
 10934 | D:9      | Slain by Erica

Illustrated notes

Levels and vault maps discovered:
D:1:      dpeg_arrival_water_fire, layout_basic,
          shapermc_ecumenical_altar_mp_ritualfount, minmay_misc_feat_tiny
D:2:      layout_loops_ring, serial_shops, nicolae_shop_overgrown_old_shop,
          uniq_jessica, uniq_natasha
D:3:      layout_loops_ring, nzn_overflow_gifts_of_might_and_magic,
          mainiacjoe_overflow_alcove_2
D:4:      layout_basic, nicolae_ru_path_of_blood
D:5:      nicolae_cairo_tiling_very_big, layout_loops_ring,
          kennysheep_ying_yang, minmay_temple_entry_gardened_gates,
          portal_sewer_entry_a, kennysheep_pointless_box, uniq_grinder
D:6:      layout_basic, mainiacjoe_overflow_surrounded_room,
          serial_bayou_lake_a, uniq_blork_the_orc
D:7:      layout_basic
D:8:      layout_loops_ring, grunt_gozag_statues, lair_entry_dummy
D:9:      layout_irregular_city, lightli_church_of_beogh, uniq_maurice,
          uniq_gastronok, uniq_erica, uniq_harold, uniq_prince_ribbit1

Skill      XL: |  1  2  3  4  5  6  7  8  9 10 |
---------------+-------------------------------+-----
Axes           | 4 5 6 7 8 9 11 14 17 19 | 19.3
Fighting       | |  3.6
Armour         | |  2.4
Dodging        | |  2.1

Action                   |  1- 3 |  4- 6 |  7- 9 | 10-12 || total
-------------------------+-------+-------+-------+-------++-------
Melee: Hand axe          |    14 |       |       |       ||    14
       Headbutt          |     6 |    25 |    38 |     6 ||    75
       War axe           |    40 |   122 |   259 |    44 ||   465
       Punch             |       |     1 |     4 |       ||     5
       Battleaxe         |       |       |       |    32 ||    32
Throw: Boomerang         |     4 |     6 |       |       ||    10
Invok: Berserk           |     2 |     1 |     4 |     3 ||    10
       Trog's Hand       |       |       |     1 |       ||     1
Evoke: Wand              |       |       |     6 |       ||     6
  Use: Scroll            |       |       |    22 |     4 ||    26
Armor: Ring mail         |    14 |    19 |    52 |       ||    85
       Scale mail        |    13 |    25 |    65 |    39 ||   142
Dodge: Dodged            |    47 |    61 |   157 |    34 ||   299
